 Dungeon Crawl Stone Soup version 0.19-a0-1311-gdcfd90a (webtiles) character file.

2464 Proton the Covered (level 9, -15/51 HPs)
             Began as a Gargoyle Fighter on Aug 31, 2016.
             Was a Follower of Cheibriados.
             Demolished by an ogre
             ... wielding a +0 giant club
              (20 damage)
             ... on level 6 of the Dungeon.
             The game lasted 00:12:51 (5624 turns).

Proton the Covered (Gargoyle Fighter)               Turns: 5624, Time: 00:12:52

Health: -15/51     AC: 14    Str: 26    XL:     9   Next: 50%
Magic:  10/10      EV:  8    Int: 12    God:    Cheibriados [*.....]
Gold:   324        SH: 11    Dex: 12    Spells: 0 memorised, 8 levels left

rFire  . . .     SeeInvis .     a - +0 flail
rCold  . . .     Gourm    .     b - +0 scale mail
rNeg   + . .     Faith    .     c - +0 shield
rPois  ∞         Spirit   .     C - +0 helmet
rElec  +         Dismiss  .     (no cloak)
rCorr  .         Reflect  .     (no gloves)
MR     .....     Harm     .     (no boots)
Stlth  ..........               (no amulet)
                                (no ring)
                                (no ring)

@: very slow
A: frail 1, low mp 1, negative energy resistance 1, screaming 1, electricity
resistance, unbreathing, petrification resistance, rot immunity, AC +5
a: Bend Time, Renounce Religion


You were on level 6 of the Dungeon.
You worshipped Cheibriados.
Cheibriados was aware of your devotion.
You were not hungry.

You visited 2 branches of the dungeon, and saw 8 of its levels.

You collected 324 gold pieces.

Inventory:

Hand Weapons
 a - a +0 flail (weapon)
Armour
 b - a +0 scale mail (worn)
 c - a +0 shield (worn)
 C - a +0 helmet (worn)
Wands
 l - a wand of digging (12/24)
Scrolls
 e - 2 scrolls of immolation {unknown}
 g - 7 scrolls of identify {unknown}
 h - a scroll of fog {unknown}
 i - a scroll of enchant armour {unknown}
 m - 2 scrolls of enchant weapon {unknown}
 n - 6 scrolls of remove curse {unknown}
 o - 2 scrolls of random uselessness {unknown}
 t - 3 scrolls of teleportation {unknown}
 v - a scroll of amnesia {unknown}
 x - a scroll of noise {unknown}
 y - 2 scrolls of blinking {unknown}
 z - 2 scrolls of magic mapping {unknown}
Potions
 d - 3 potions of might
 j - a potion of lignification {unknown}
 k - a potion of heal wounds {unknown}
 p - 2 potions of brilliance {unknown}
 q - a potion of curing {unknown}
 u - a potion of flight {unknown}
 w - a potion of mutation {unknown}
 D - a potion of magic {unknown}
 F - 4 potions of agility {unknown}
Comestibles
 f - 4 bread rations
 r - 2 meat rations
 s - a beef jerky
 A - a fruit
 B - 6 chunks of flesh
 E - a slice of pizza
 G - a royal jelly


   Skills:
 + Level 7.1 Fighting
 + Level 6.9 Maces & Flails
 + Level 7.3 Armour
 + Level 7.2 Shields
 + Level 3.1 Invocations


You had 8 spell levels left.
You didn't know any spells.

Dungeon Overview and Level Annotations

Branches:
Dungeon (7/15)             Temple (1/1) D:6

Altars:
Ashenzari
Cheibriados
Dithmenos
Elyvilon
Fedhas
Gozag
Hepliaklqana
Kikubaaqudgha
Makhleb
Qazlal
Sif Muna
Trog
Uskayaw
Yredelemnul
Lugonu

Shops:
D:4 :


Innate Abilities, Weirdness & Mutations

You are resistant to torment.
Your stone body is resilient. (AC +5)
You are immune to poison.
You resist negative energy. (rN+)
You are resistant to electric shocks. (rElec)
You can survive without breathing.
You are immune to petrification.
You are immune to rotting.
You are frail. (-10% HP)
Your magical capacity is low. (-10% MP)
You occasionally shout uncontrollably at your foes.


Message History

The centaur zombie hits you but does no damage.
There is a stone staircase leading up here.
Your shield prevents you from hitting the centaur zombie.
The centaur zombie is severely damaged.
The ogre hits you with a giant club!!
* * * LOW HITPOINT WARNING * * *
You block the centaur zombie's attack.
You are too injured to fight recklessly!
You are too injured to fight recklessly!
You are too injured to fight recklessly!
You are too injured to fight recklessly!
You are too injured to fight recklessly!
The centaur zombie closely misses you. The ogre hits you with a giant club!
* * * LOW HITPOINT WARNING * * *
Some of the chunks of flesh in your inventory have rotted away.
You climb upwards.
There is a stone staircase leading down here.
Your shield and scale mail prevent you from hitting the ogre.
The ogre hits you with a giant club!!
You die...

)###.≈≈.##)#...###...## #....
#.##.≈≈.##.#..## ##...## #....
##.#.≈≈.#..#..# ##.....## #....
##.#.≈≈.#8.##.###.......## #....
#.##.≈≈.##.##.##.........## #....
#.##.≈≈.##.#..#...........###....
###..≈≈.##.#..##...........##....
##.#.≈≈.#..#..##............##..)
#.##.≈≈.#8....##@........#...#...
.####≈≈#####.####O........#...#..
############.# #.........#......
#..........## #.........)......
##...........# ##..............#
#............## #..............#
#.............#######..........#
##..............# ##...........#
.......(........####.........#..#


You could see an ogre.

Vanquished Creatures
  Eustachio (D:6)
  A hippogriff (D:6)
  2 black bears (D:6)
  A sky beast (D:6)
  An ice beast (D:7)
  2 phantoms (D:6)
  2 ogres
  2 centaurs
  A wyvern zombie (D:6)
  3 giant frogs (D:6)
  4 scorpions
  3 wights (D:6)
  3 crimson imps
  A centaur zombie (D:6)
  2 hounds
  A jelly (D:7)
  An orc priest (D:6)
  A giant frog skeleton (D:6)
  3 iguanas
  Ijyb (D:2)
  Jessica (D:2)
  3 orc wizards
  A worker ant (D:4)
  A hound zombie (D:7)
  6 adders
  3 gnolls
  3 oozes
  A worm (D:3)
  4 dart slugs
  8 giant geckos
  13 orcs
  A ball python (D:2)
  3 bats (D:3)
  7 giant cockroaches
  7 goblins
  9 hobgoblins
  10 jackals
  3 quokkas
  2 giant gecko skeletons
  4 giant newts
  5 kobolds
  18 rats
149 creatures vanquished.

Notes
Turn   | Place    | Note
-------+----------+-------------------------------------------
     0 | D:1      | Proton the Gargoyle Fighter began the quest for the Orb.
     0 | D:1      | Reached XP level 1. HP: 14/14 MP: 1/1
    58 | D:1      | Reached XP level 2. HP: 15/19 MP: 2/2
   192 | D:1      | Reached XP level 3. HP: 17/23 MP: 3/3
   491 | D:2      | Found a bloodstained altar of Trog.
   513 | D:2      | Found a hazy altar of Hepliaklqana.
   515 | D:2      | Found a burning altar of Makhleb.
   670 | D:2      | Found an ancient bone altar of Kikubaaqudgha.
   806 | D:2      | Found a deep blue altar of Sif Muna.
   867 | D:2      | Noticed Jessica
   871 | D:2      | Killed Jessica
   871 | D:2      | Reached XP level 4. HP: 29/29 MP: 4/4
   925 | D:2      | Noticed Ijyb
   940 | D:2      | Killed Ijyb
  1532 | D:3      | Reached XP level 5. HP: 33/33 MP: 5/5
  2029 | D:3      | Found a basalt altar of Yredelemnul.
  2202 | D:4      | Noticed an ogre
  2206 | D:4      | Got a transparent trident
  2207 | D:4      | Identified the +7 trident "Moraasa" {speed, Int+4} (You found it on level 4 of the Dungeon)
  2265 | D:4      | Reached XP level 6. HP: 38/39 MP: 6/6
  2823 | D:4      | Found a stormy altar of Qazlal.
  2836 | D:4      | Reached XP level 7. HP: 44/44 MP: 7/7
  2851 | D:4      | Found Polonnit's Book Shoppe.
  2923 | D:4      | Reached skill level 5 in Shields
  2935 | D:4      | Reached skill level 5 in Armour
  2974 | D:4      | Found an opulent altar of Gozag.
  3119 | D:5      | Entered Level 5 of the Dungeon
  3171 | D:5      | Reached skill level 5 in Fighting
  3347 | D:5      | Reached skill level 5 in Maces & Flails
  3985 | D:6      | Reached XP level 8. HP: 31/50 MP: 8/8
  4251 | D:6      | Noticed Eustachio
  4287 | D:6      | Killed Eustachio
  4485 | D:6      | Found a staircase to the Ecumenical Temple.
  4494 | Temple   | Entered the Ecumenical Temple
  4520 | Temple   | Became a worshipper of Cheibriados the Contemplative
  4686 | D:6      | Reached skill level 1 in Invocations
  4733 | D:6      | Reached XP level 9. HP: 54/56 MP: 8/10
  4840 | D:6      | Gained mutation: You occasionally shout uncontrollably at your foes. [mutagenic meat]
  4843 | D:6      | Gained mutation: You are frail. (-10% HP) [mutagenic meat]
  4846 | D:6      | Gained mutation: Your mind is acute. (Int +2) [mutagenic meat]
  4849 | D:6      | Gained mutation: Your magical capacity is low. (-10% MP) [mutagenic meat]
  4852 | D:6      | Lost mutation: Your mind is acute. (Int +2) [mutagenic meat]
  5024 | D:6      | Reached * piety under Cheibriados
  5624 | D:6      | Demolished by an ogre

Vault maps used:
D:1:      erik_arrival_orb_chamber
D:2:      kiku_gazebo_garden_becter, grunt_temple_overflow_open,
          lemuel_blue_sif_altar, corexii_leaking_fountain, uniq_jessica,
          uniq_iyjb
D:3:      nicolae_overflow_crystal_walls, minmay_misc_feat_doors
D:4:      kennysheep_little_box, serial_shops, shop_fountains,
          nicolae_gozag_cash_rules_everything_around_me
D:5:      first_bread
D:6:      wad_river_or_something, uniq_eustachio
Temple:   corrupted_temple

Skill      XL: |  1  2  3  4  5  6  7  8  9 |
---------------+----------------------------+-----
Maces & Flails | 3 4 5 6 |  6.9
Armour         | 4 5 6 7 |  7.3
Fighting       | 4 5 6 7 |  7.1
Shields        | 4 5 6 7 |  7.2
Invocations    | 1 3 |  3.1

Action                   |  1- 3 |  4- 6 |  7- 9 || total
-------------------------+-------+-------+-------++-------
Melee: Flail             |   102 |   169 |   156 ||   427
       Trident           |       |    62 |   147 ||   209
  Eat: Chunk             |       |     5 |    12 ||    17
       Pizza             |       |     1 |       ||     1
       Fruit             |       |       |     2 ||     2
Armor: Scale mail        |    64 |   116 |   165 ||   345
Dodge: Dodged            |    39 |    76 |   104 ||   219
Block: Shield            |    50 |   120 |   170 ||   340
